 Dungeon Crawl Stone Soup version 0.19.0-9-gfd783f2 (webtiles) character file.

37 Gagarin the Gusty (level 3, -2/26 HPs)
             Began as a Draconian Air Elementalist on Nov 7, 2016.
             Slain by an adder (4 damage)
             ... on level 2 of the Dungeon.
             The game lasted 00:03:31 (961 turns).

Gagarin the Gusty (Draconian Air Elementalist)       Turns: 961, Time: 00:03:33

Health: -2/26      AC:  5    Str: 10    XL:     3   Next: 21%
Magic:  0/7        EV: 12    Int: 16    God:
Gold:   23         SH:  0    Dex: 11    Spells: 2 memorised, 4 levels left

rFire  . . .     SeeInvis .     e - +0 dagger
rCold  . . .     Gourm    .     (armour unavailable)
rNeg   . . .     Faith    .     (no shield)
rPois  .         Spirit   .     (helmet restricted)
rElec  .         Reflect  .     (no cloak)
rCorr  .         Harm     .     (no gloves)
MR     .....                    (no boots)
Stlth  ++........               (no amulet)
                                (no ring)
                                (no ring)

@: lethally poisoned (-2 -> -3), repel missiles
A: unfitting armour, cold-blooded, AC +5
a: no special abilities


You were on level 2 of the Dungeon.
You were not hungry.

You visited 1 branch of the dungeon, and saw 2 of its levels.

You collected 23 gold pieces.

Inventory:

Hand Weapons
 e - a +0 dagger (weapon)
Scrolls
 c - a scroll of fog {unknown}
 i - a scroll of enchant weapon {unknown}
 j - a scroll of remove curse {unknown}
Potions
 d - 3 potions of curing {unknown}
 k - a potion of might {unknown}
Books
 a - a book of Air

   Spells                             Type                      Level
   a - Shock                          Conjuration/Air              1
   b - Swiftness                      Charms/Air                   2
   c - Repel Missiles                 Charms/Air                   2
   d - Static Discharge               Conjuration/Air              3
   e - Lightning Bolt                 Conjuration/Air              5
Comestibles
 b - 3 bread rations
 f - a slice of pizza
 g - a chunk of flesh
 h - a meat ration


   Skills:
 - Level 1.7 Dodging
 - Level 1.7 Stealth
 + Level 2.7 Spellcasting
 + Level 1.9 Conjurations
 + Level 3.3 Air Magic


You had 4 spell levels left.
You knew the following spells:

 Your Spells              Type           Power        Failure   Level  Hunger
a - Shock                 Conj/Air       ##..         10%         1    #......
b - Repel Missiles        Chrm/Air       #.....       17%         2    ##.....


Dungeon Overview and Level Annotations

Branches:
Dungeon (2/15)

Altars:


Innate Abilities, Weirdness & Mutations

Your plain brown scales are hard. (AC +5)
You cannot fit into any form of body armour.
You are cold-blooded and may be slowed by cold attacks.


Message History

You feel sick. The adder misses you. The hobgoblin barely misses you.
You closely miss the hobgoblin.
Your tail-slap misses the hobgoblin.
The hobgoblin is almost dead.
The adder bites you.
The hobgoblin hits you but does no damage.
The adder closely misses you.
You hit the hobgoblin but do no damage.
Your tail-slap misses the hobgoblin.
The hobgoblin is almost dead.
The hobgoblin barely misses you. The adder bites you.
* * * LOW HITPOINT WARNING * * *
You hit the hobgoblin.
You kill the hobgoblin!
The adder barely misses you.
You hit the adder.
Your tail-slap misses the adder.
The adder is heavily wounded.
You feel sick. The adder barely misses you.
The kobold hits you with a short sword.
* * * LOW HITPOINT WARNING * * *
The adder bites you.
You die...

.... ..... .> #.... .....
..#.# ..#.K ..... .... ..Kg.
..... .#.####... #.#.# .....
>..#..... #.#.# .....
......... #.#.####.....
#...##.### #.#.##†......
#.....@S###....)..#####
#♣.#####...#.#K....(..#.##
♣♣♣............###...#....#
...........##.###......#..#
#....)....##......#..#....#
#......<..##.....####.......
#...................#####...
#.........###...###.. ...#
#....................


You could see an adder and a kobold.

Vanquished Creatures
  An adder (D:2)
  A dart slug (D:1)
  3 bats (D:1)
  A giant cockroach (D:1)
  6 goblins (D:1)
  6 hobgoblins
  A kobold (D:1)
  A frilled lizard (D:2)
  2 rats (D:1)
22 creatures vanquished.

Notes
Turn   | Place    | Note
-------+----------+-------------------------------------------
     0 | D:1      | Gagarin the Draconian Air Elementalist began the quest for the Orb.
     0 | D:1      | Reached XP level 1. HP: 14/14 MP: 3/3
   351 | D:1      | Reached XP level 2. HP: 15/20 MP: 1/5
   619 | D:1      | Learned a level 2 spell: Repel Missiles
   935 | D:2      | Reached XP level 3. HP: 21/26 MP: 4/7
   961 | D:2      | Slain by an adder

Action                   || total
-------------------------++-------
Melee: Unarmed           ||    14
       Dagger            ||    31
       Tailslap          ||     1
 Cast: Shock             ||    35
       Repel Missiles    ||     1
  Eat: Chunk             ||     1
Armor: Skin              ||    23
Dodge: Dodged            ||    58
